 Dungeon Crawl Stone Soup version 0.28.0 (webtiles) character file.

Game seed: 7391106227106435092

15857 tilp the Severer (level 12, -6/106 HPs)
             Began as a Hill Orc Fighter on Feb 9, 2022.
             Was the Champion of Okawaru.
             Mangled by a 12-headed hydra (7 damage)
             ... on level 1 of the Lair of Beasts.
             The game lasted 00:12:32 (12017 turns).

tilp the Severer (Hill Orc Fighter)                Turns: 12017, Time: 00:12:33

Health: -6/106     AC: 17    Str: 20    XL:     12   Next: 31%
Magic:  16/16      EV: 11    Int: 18    God:    Okawaru [******]
Gold:   581        SH:  0    Dex: 10    Spells: 11/11 levels left

rFire   . . .      SeeInvis .   a - +9 battleaxe "Killer Klown's Peril" {vorpal, Int+4}
rCold   . . .      Faith    +   (shield currently unavailable)
rNeg    . . .      Spirit   .   I - +2 plate armour {rPois}
rPois   +          Reflect  .   p - +1 helmet
rElec   +          Harm     .   (no cloak)
rCorr   .          Rampage  .   (no gloves)
Will    +++..                   (no boots)
Stlth   ..........              s - amulet of faith
HPRegen 0.27/turn               j - ring of Trepidation {+Blink rElec Will+++ Str-4 Int+6}
MPRegen 0.15/turn               f - +4 ring of evasion

@: no status effects
A: no striking features
a: Renounce Religion, Evoke Blink, Heroism, Finesse, Duel


You were on level 1 of the Lair of Beasts.
You worshipped Okawaru.
Okawaru was exalted by your worship.
You visited 2 branches of the dungeon, and saw 12 of its levels.

You collected 738 gold pieces.
You spent 157 gold pieces at shops.

Inventory:

Hand Weapons
 a - the +9 battleaxe "Killer Klown's Peril" (weapon) {vorpal, Int+4}
   (You acquired it on level 1 of the Dungeon)

   It inflicts extra damage upon your enemies.
   Int:       It affects your intelligence (+4).
 b - a +3 vorpal broad axe
Missiles
 g - 4 boomerangs (quivered)
 m - 6 poisoned darts
 v - a throwing net
Armour
 c - a +0 buckler
 p - a +1 helmet (worn)
 q - a +1 chain mail of cold resistance
 x - a +0 kite shield
 I - a +2 plate armour of poison resistance (worn)
Jewellery
 f - a +4 ring of evasion (right hand)
 i - a +6 ring of dexterity
 j - the ring of Trepidation (left hand) {+Blink rElec Will+++ Str-4 Int+6}
   (You acquired it on level 8 of the Dungeon)

   [ring of intelligence]

   Str:       It affects your strength (-4).
   Int:       It affects your intelligence (+6).
   rElec:     It insulates you from electricity.
   +Blink:    It lets you blink.
   Will:      It greatly increases your willpower.
 s - an amulet of faith (around neck)
 y - a +6 ring of strength
 H - a ring of resist corrosion
Wands
 l - a wand of acid (8)
 t - a wand of flame (33)
 B - a wand of digging (5)
 F - a wand of mindburst (12)
 G - a wand of iceblast (6)
 K - a wand of polymorph (3)
Scrolls
 r - 4 scrolls of teleportation
 u - 3 scrolls of fog
 A - a scroll of fear
 D - 2 scrolls of identify
 J - a scroll of enchant armour
Potions
 d - 3 potions of might
 e - 4 potions of attraction
 h - 4 potions of haste
 k - 2 potions of mutation
 n - 2 potions of flight
 o - 4 potions of curing
 w - 2 potions of heal wounds {unknown}
 z - 3 potions of berserk rage
 C - 3 potions of brilliance {unknown}
 E - a potion of ambrosia {unknown}


   Skills:
 + Level 10.1 Fighting
 - Level 20.0 Axes
 + Level 6.2 Armour
 + Level 4.1 Dodging
 + Level 1.0 Stealth
 - Level 3.2 Shields
 + Level 6.3 Invocations
 + Level 1.2 Evocations


You had 11 spell levels left.
You didn't know any spells.
Your spell library contained the following spells:

 Spells                   Type           Power      Damage    Failure   Level
 Magic Dart               Conj           0%         1d3       99%         1
 Slow                     Hex            0%         N/A       99%         1
 Corpse Rot               Necr/Air       0%         N/A       100%        2
 Poisonous Vapours        Pois/Air       0%         N/A       100%        2
 Confusing Touch          Hex            0%         N/A       100%        3
 Mephitic Cloud           Conj/Pois/Air  0%         N/A       100%        3
 Vampiric Draining        Necr           0%         2d6       100%        3
 Blade Hands              Tmut           0%         N/A       100%        5
 Iron Shot                Conj/Erth      0%         9d1       100%        6
 Call Imp                 Summ           Unusable   N/A       N/A         2
 Animate Armour           Summ/Erth      Unusable   N/A       N/A         4
 Animate Dead             Necr           Unusable   N/A       N/A         4
 Haunt                    Necr/Summ      Unusable   N/A       N/A         7
 Infestation              Necr           Unusable   N/A       N/A         8

Dungeon Overview and Level Annotations

Branches:
Dungeon (11/15)            Temple (0/1) D:5            Lair (1/6) D:10
    Orc (0/2) D:11

Altars:
Fedhas
Makhleb
Okawaru
Zin
The Shining One

Shops:
D:2 ([   D:4 (   D:7 :


Message History

* * * LOW HITPOINT WARNING * * *
The ten-headed hydra bites you but does no damage.
The ten-headed hydra barely misses you.
The ten-headed hydra bites you but does no damage. x2
The ten-headed hydra barely misses you. The ten-headed hydra bites you!
* * * LOW HITPOINT WARNING * * *
The ten-headed hydra misses you.
The ten-headed hydra bites you but does no damage.
Unknown command.
Unknown command.
You barely miss the ten-headed hydra.
The ten-headed hydra is severely wounded.
The ten-headed hydra bites you but does no damage. x2
The ten-headed hydra completely misses you.
The ten-headed hydra bites you but does no damage.
The ten-headed hydra bites you!
* * * LOW HITPOINT WARNING * * *
The ten-headed hydra bites you but does no damage. x5
Unknown command.
Unknown command.
Unknown command.
You chop one of the ten-headed hydra's heads off!
The nine-headed hydra grows two more!
You slice the 11-headed hydra!!
The 11-headed hydra is almost dead.
An iguana comes into view.
Unknown command.
Unknown command.
Unknown command.
You hack one of the 11-headed hydra's heads off!
The ten-headed hydra grows two more!
You hit the 12-headed hydra.
The 12-headed hydra is severely wounded.
The 12-headed hydra is no longer covered in acid.
The 12-headed hydra bites you but does no damage. x2
The 12-headed hydra bites you!
* * * LOW HITPOINT WARNING * * *
The 12-headed hydra bites you!
* * * LOW HITPOINT WARNING * * *
The 12-headed hydra bites you but does no damage.
The 12-headed hydra bites you!
You die...

#.>.## ###..#.P.#.#
....# ##..l##P..#.#
#...P##....##.....#
...##.....†....#.#
#......#..#.#.#
#..#..l##.#.# #
#..#..lF#.P.# ...
#..#D#.P..
..#....#@#.#...#
##..####.#.#.# ###
.#...#


You could see a 12-headed hydra, a cane toad and 3 iguanas.

Vanquished Creatures
  A boulder beetle (D:11)
  3 two-headed ogres
  7 death yaks (D:10)
  2 cyclopes
  2 unseen horrors
  2 komodo dragons
  2 trolls
  2 hornets
  Sigmund (D:5)
  11 yaks (D:11)
  A vampire (D:10)
  Eustachio (D:6)
  A wraith (D:10)
  A basilisk (Lair:1)
  2 steam dragons (D:7)
  2 acid dragons (D:8)
  A sky beast (D:6)
  Duvessa (D:4)
  2 orc warriors (D:11)
  2 ogres (D:4)
  A necrophage (D:5)
  A phantom (D:6)
  A centaur (D:10)
  2 bullfrogs
  4 scorpions
  3 water moccasin zombies
  2 wyvern skeletons
  Dowan (D:4)
  A water moccasin skeleton (D:7)
  3 killer bees (D:8)
  18 wights
  4 centaur zombies
  10 howler monkeys
  A bullfrog zombie (D:6)
  3 orc priests (D:11)
  3 hounds
  4 jellies
  2 centaur skeletons
  Jessica (D:2)
  5 orc wizards
  3 iguanas
  Natasha (thrice) (D:2)
  2 howler monkey zombies
  Robin (D:2)
  4 adders
  4 gnolls
  A shadow imp (D:6)
  2 white imps
  An ufetubus (D:7)
  2 worms
  A dart slug (D:2)
  31 orcs
  2 bats (D:3)
  8 endoplasms
  3 giant cockroaches
  14 goblins
  5 hobgoblins
  7 jackals
  4 kobolds
  4 quokkas
  4 ball pythons
  A frilled lizard (D:2)
  4 rats
228 creatures vanquished.

Vanquished Creatures (others)
  An orc (D:11)
  4 plants (D:11)
5 creatures vanquished.

Grand Total: 233 creatures vanquished

Notes
Turn   | Place    | Note
-------+----------+-------------------------------------------
     0 | D:1      | tilp the Hill Orc Fighter began the quest for the Orb.
     0 | D:1      | Reached XP level 1. HP: 19/19 MP: 1/1
   143 | D:1      | Reached skill level 3 in Axes
   331 | D:1      | Reached XP level 2. HP: 23/27 MP: 2/2
   575 | D:1      | Found a faded altar of an unknown god.
   736 | D:1      | Identified 2 scrolls of acquirement
   736 | D:1      | Acquired a +1 vorpal broad axe
   738 | D:1      | Acquired the +9 battleaxe "Killer Klown's Peril" {vorpal,
                  | Int+4}
   763 | D:2      | Reached skill level 4 in Axes
   774 | D:2      | Found Jyxeder's Antique Armour Shoppe.
   812 | D:2      | Found a glowing golden altar of the Shining One.
   884 | D:2      | Found Exkufuc's Antique Weapon Boutique.
   887 | D:2      | Noticed Jessica
   891 | D:2      | Killed Jessica
   892 | D:2      | Reached skill level 5 in Axes
   892 | D:2      | Reached XP level 3. HP: 27/33 MP: 3/3
  1284 | D:2      | Noticed Robin
  1288 | D:2      | Reached XP level 4. HP: 35/40 MP: 4/4
  1313 | D:2      | Killed Robin
  1506 | D:2      | Noticed Natasha
  1525 | D:2      | Killed Natasha
  1526 | D:2      | Reached skill level 6 in Axes
  1690 | D:2      | Noticed Natasha
  1698 | D:2      | Killed Natasha
  1699 | D:2      | Reached XP level 5. HP: 44/46 MP: 5/5
  1900 | D:2      | Noticed Natasha
  1907 | D:2      | Killed Natasha
  1908 | D:2      | Reached skill level 7 in Axes
  2743 | D:4      | Reached skill level 8 in Axes
  2743 | D:4      | Reached XP level 6. HP: 52/52 MP: 6/6
  2793 | D:4      | Found a blossoming altar of Fedhas.
  2829 | D:4      | Reached skill level 9 in Axes
  2864 | D:4      | Noticed Duvessa
  2864 | D:4      | Noticed Dowan
  2870 | D:4      | Killed Duvessa
  2871 | D:4      | Reached XP level 7. HP: 44/59 MP: 7/7
  2874 | D:4      | Killed Dowan
  3256 | D:4      | Found Rycym's Antique Weapon Shop.
  3258 | D:4      | Found an iron altar of Okawaru.
  3261 | D:4      | Reached skill level 10 in Axes
  3299 | D:4      | Became a worshipper of Warmaster Okawaru
  3363 | D:4      | Reached skill level 1 in Dodging
  3475 | D:5      | Entered Level 5 of the Dungeon
  3541 | D:2      | Bought a runed chain mail for 157 gold pieces
  3669 | D:5      | Found a staircase to the Ecumenical Temple.
  3900 | D:5      | Reached skill level 5 in Fighting
  3908 | D:5      | Reached XP level 8. HP: 68/68 MP: 8/8
  3964 | D:5      | Noticed Sigmund
  3970 | D:5      | Killed Sigmund
  3970 | D:5      | Reached * piety under Okawaru
  4147 | D:5      | Reached skill level 11 in Axes
  4246 | D:6      | Noticed Eustachio
  4256 | D:6      | Killed Eustachio
  4408 | D:6      | Reached ** piety under Okawaru
  4438 | D:6      | Reached skill level 12 in Axes
  4444 | D:6      | Reached XP level 9. HP: 65/81 MP: 9/9
  5128 | D:7      | Reached skill level 13 in Axes
  5276 | D:7      | Found Ofiroag's Book Emporium.
  5534 | D:7      | Reached *** piety under Okawaru
  5535 | D:7      | Reached skill level 14 in Axes
  5600 | D:7      | Noticed a cyclops
  5606 | D:7      | Killed a cyclops
  6064 | D:7      | Reached XP level 10. HP: 90/90 MP: 12/12
  6153 | D:7      | Reached **** piety under Okawaru
  6439 | D:8      | Noticed a two-headed ogre
  6445 | D:8      | Killed a two-headed ogre
  6830 | D:8      | Reached ***** piety under Okawaru
  6831 | D:8      | Reached skill level 15 in Axes
  6886 | D:8      | Acquired the ring of Trepidation {+Blink rElec Will+++
                  | Str-4 Int+6}
  7392 | D:9      | Noticed a two-headed ogre
  7399 | D:9      | Killed a two-headed ogre
  7400 | D:9      | Reached skill level 10 in Fighting
  7675 | D:9      | Noticed a two-headed ogre
  7680 | D:9      | Killed a two-headed ogre
  7681 | D:9      | Reached skill level 16 in Axes
  8311 | D:9      | Reached XP level 11. HP: 74/99 MP: 14/14
  8710 | D:10     | Entered Level 10 of the Dungeon
  8966 | D:10     | Reached skill level 5 in Invocations
  8966 | D:10     | Received a gift from Okawaru
  9346 | D:10     | Noticed a death yak
  9346 | D:10     | Noticed a death yak
  9347 | D:10     | Noticed a death yak
  9349 | D:10     | Noticed a death yak
  9350 | D:10     | Noticed a death yak
  9355 | D:10     | Killed a death yak
  9356 | D:10     | Reached skill level 5 in Armour
  9356 | D:10     | Noticed a death yak
  9360 | D:10     | Noticed a death yak
  9362 | D:10     | Killed a death yak
  9368 | D:10     | Killed a death yak
  9369 | D:10     | Reached skill level 17 in Axes
  9370 | D:10     | Killed a death yak
  9372 | D:10     | Killed a death yak
  9372 | D:10     | Received a gift from Okawaru
  9380 | D:10     | Killed a death yak
  9381 | D:10     | Reached skill level 18 in Axes
  9383 | D:10     | Killed a death yak
  9561 | D:10     | Found a staircase to the Lair.
  9726 | D:10     | Found a burning altar of Makhleb.
 10236 | D:10     | Found a glowing silver altar of Zin.
 10477 | D:11     | Noticed a boulder beetle
 10494 | D:11     | Killed a boulder beetle
 10494 | D:11     | Reached ****** piety under Okawaru
 10495 | D:11     | Reached skill level 19 in Axes
 10767 | D:11     | Reached XP level 12. HP: 102/106 MP: 16/16
 11144 | D:11     | Found a staircase to the Orcish Mines.
 11201 | D:11     | Reached skill level 20 in Axes
 11204 | D:11     | Identified the +1 scale mail "Cotolub" {Harm *Corrode
                  | Will+} (Okawaru gifted it to you on level 11 of the
                  | Dungeon)
 11204 | D:11     | Received a gift from Okawaru
 11902 | Lair:1   | Entered Level 1 of the Lair of Beasts
 11997 | Lair:1   | Reached skill level 1 in Evocations
 11999 | Lair:1   | Reached skill level 1 in Stealth
 11999 | Lair:1   | Noticed a seven-headed hydra
 12017 | Lair:1   | HP: 1/106 [12-headed hydra (11)]
 12017 | Lair:1   | Mangled by a 12-headed hydra

Illustrated notes

Levels and vault maps discovered:
D:1:      heliophobic_arrival_dark_side_of_the_moon, layout_rooms,
          hellmonk_ecumenical_altar_inner_sanctum, serial_aquarium,
          aquarium_bridge_square [aquarium_subvault_bridge,
          aquarium_subvault_wall, aquarium_subvault_balcony,
          aquarium_subvault_bridge], aquarium_window_fake, aquarium_window_1,
          aquarium_view_2b, aquarium_view_2d
D:2:      layout_rooms, serial_shops, nicolae_diamond_shop, shop_fountains,
          basic_altar, uniq_natasha, uniq_robin, uniq_jessica
D:3:      layout_loops_cross
D:4:      layout_cave_pools, mainiacjoe_overflow_concentric_impassable,
          okawaru_ov_weapons_minmay, serial_shops, shop, uniq_duvessa
D:5:      layout_gridville, minmay_temple_entry_crystal_x, uniq_sigmund
D:6:      layout_gridville, uniq_eustachio
D:7:      kennysheep_spiral_hall, layout_loops_corners, serial_shops,
          nicolae_shop_stone
D:8:      layout_basic, small_statue_intersection, nrook_mini_vaults
D:9:      layout_loops_ring
D:10:     layout_cave_pods, mainiacjoe_overflow_paths, zin_treasury,
          dpeg_lair_monsters
D:11:     layout_loops_ring, hiddenorc2_lemuel, serial_bayou,
          serial_bayou_shore_b, serial_bayou_shore_b, serial_bayou_pond_d,
          serial_bayou_pond_d
Lair:1:   beast_lair_carwin_large_1, layout_concentric_octagons

Skill      XL: |  1  2  3  4  5  6  7  8  9 10 11 12 |
---------------+-------------------------------------+-----
Axes           | 3 5 6 8 9 10 12 14 16 19 20 | 20.0
Fighting       | 4 5 7 8 10 | 10.1
Dodging        | 2 4 |  4.1
Invocations    | 3 4 6 |  6.3
Armour         | 4 6 |  6.2
Evocations     | 1 |  1.2
Stealth        | 1 |  1.0
Shields        | |  3.2

Action                   |  1- 3 |  4- 6 |  7- 9 | 10-12 || total
-------------------------+-------+-------+-------+-------++-------
Melee: War axe           |    60 |    50 |       |       ||   110
       Battleaxe         |       |    39 |   126 |   249 ||   414
Invok: Heroism           |       |       |       |     1 ||     1
       Finesse           |       |       |       |     1 ||     1
Evoke: Wand              |       |       |       |     1 ||     1
  Use: Scroll            |     3 |     4 |     3 |    13 ||    23
Armor: Scale mail        |    27 |    31 |     2 |       ||    60
       Chain mail        |       |       |    32 |    69 ||   101
       Plate armour      |       |       |       |    20 ||    20
Dodge: Dodged            |    23 |    57 |    76 |   109 ||   265
Block: Buckler           |    11 |    18 |       |       ||    29
